 Dungeon Crawl Stone Soup version 0.28.0-47-ge53b351184 (webtiles) character file.

Game seed: 1619747779517823835

4013 enile the Zephyrmancer (level 9, -8/75 HPs)
             Began as a Demigod Earth Elementalist on May 6, 2022.
             Mangled by a freezing wraith (16 damage)
             ... on level 9 of the Dungeon.
             The game lasted 00:25:45 (11286 turns).

enile the Zephyrmancer (DgEE)                      Turns: 11286, Time: 00:25:45

Health: -8/75      AC:  7    Str:  9    XL:     9   Next: 74%
Magic:  19/23      EV: 12    Int: 29    God:
Gold:   180        SH:  0    Dex: 14    Spells: 8/22 levels left

rFire   . . .      SeeInvis +   s - +1 halberd (drain)
rCold   . . .      Faith    .   (shield currently unavailable)
rNeg    . . .      Spirit   .   b - +0 robe
rPois   .          Reflect  .   K - +2 helmet
rElec   .          Harm     .   w - +1 cloak
rCorr   .          Rampage  .   (no gloves)
Will    .....                   (no boots)
Stlth   ++........              (no amulet)
HPRegen 0.22/turn               y - ring of see invisible
MPRegen 0.18/turn               L - ring of wizardry

@: about to teleport
A: high MP 1, forlorn, divine attributes
a: no special abilities


You were on level 9 of the Dungeon.
You visited 1 branch of the dungeon, and saw 9 of its levels.
You also visited: Bailey.

You collected 435 gold pieces.
You spent 255 gold pieces at shops.

Inventory:

Hand Weapons
 a - a +1 whip of freezing
 c - a +0 dagger
 f - the +3 trident of the Vaults {pain, *Corrode Fly rF- rN+++}
   (You found it on level 7 of the Dungeon)

   In the hands of one skilled in necromantic magic, it inflicts extra damage on
   living creatures.
   rF:        It makes you vulnerable to fire.
   rN:        It renders you almost immune to negative energy.
   Fly:       It grants you flight.
   *Corrode:  It may corrode you when you take damage.
 k - a +2 short sword of holy wrath
 l - a +0 whip
 r - a +2 dagger of venom
 s - a +1 halberd of draining (weapon)
 u - a +1 vorpal hand axe
Missiles
 e - 33 stones (quivered)
Armour
 b - a +0 robe (worn)
 w - a +1 cloak (worn)
 C - a +1 hat
 K - a +2 helmet (worn)
Jewellery
 y - a ring of see invisible (left hand)
 L - a ring of wizardry (right hand)
 N - a ring of flight
Wands
 A - a wand of paralysis (9)
 I - a wand of mindburst (13)
 P - a wand of polymorph (7)
Scrolls
 d - 6 scrolls of enchant weapon
 j - a scroll of summoning
 p - a scroll of enchant armour
 v - 2 scrolls of vulnerability
 x - a scroll of magic mapping
 D - a scroll of brand weapon
 F - a scroll of torment
 J - a scroll of fear
Potions
 g - 2 potions of haste
 h - 5 potions of magic
 i - 2 potions of brilliance
 m - 4 potions of resistance {unknown}
 o - a potion of lignification {unknown}
 q - a potion of flight {unknown}
 z - 3 potions of might
 B - a potion of mutation {unknown}
 G - a potion of degeneration {unknown}
 M - a potion of attraction {unknown}


   Skills:
 - Level 6.0 Fighting
 - Level 1.7 Dodging
 + Level 2.4 Stealth
 - Level 7.0 Spellcasting
 - Level 4.0 Conjurations
 - Level 0.8 Transmutations
 - Level 8.0 Air Magic
 - Level 2.6 Earth Magic


You had 8 spell levels left.
You knew the following spells:

 Your Spells              Type           Power      Damage    Failure   Level
a - Sandblast             Erth           50%        2d12      1%          1
b - Static Discharge      Conj/Air       44%        N/A       1%          2
c - Lightning Bolt        Conj/Air       22%        1d37      4%          5
d - Passwall              Tmut/Erth      16%        N/A       1%          2
e - Petrify               Tmut/Erth      20%        N/A       10%         4

Your spell library contained the following spells:

 Spells                   Type           Power      Damage    Failure   Level
 Magic Dart               Conj           100%       1d8       1%          1
 Searing Ray              Conj           66%        2d6       1%          2
 Stone Arrow              Conj/Erth      58%        3d10      1%          3
 Call Canine Familiar     Summ           10%        N/A       6%          3
 Gell's Gravitas          Tloc           10%        N/A       6%          3
 Lesser Beckoning         Tloc           10%        N/A       6%          3
 Portal Projectile        Hex/Tloc       20%        N/A       6%          3
 Teleport Other           Tloc           10%        N/A       6%          3
 Fulminant Prism          Conj/Hex       10%        3d9       9%          4
 Leda's Liquefaction      Hex/Erth       8%         N/A       12%         4
 Metabolic Englaciation   Hex/Ice        5%         N/A       45%         5
 Statue Form              Tmut/Erth      13%        N/A       80%         6
 Maxwell's Capacitive Co  Air            27%        ∞         99%         8


Dungeon Overview and Level Annotations

Branches:
Dungeon (9/15)             Temple (0/1) D:4            Lair (0/6) D:9
    Orc (0/2) D:9          Bailey (visited)

Shops:
D:2 [   D:6 *


Innate Abilities, Weirdness & Mutations

You have an increased reservoir of magic. (+10% MP)
You shall have no god before yourself.
Your divine heritage dramatically boosts your attributes as you level up.


Message History

Casting: Static Discharge (safe; 1% risk of failure)
Confirm with . or Enter, or press ? or * to list all spells.
Okay, then.
Magic courses through your body.
You feel sick. The killer bee misses you.
The killer bee stings you but does no damage.
The killer bee closely misses you. The killer bee completely misses you.
Casting: Static Discharge (safe; 1% risk of failure)
Confirm with . or Enter, or press ? or * to list all spells.
The killer bee is struck by an arc of lightning.
The killer bee is lightly wounded.
You are struck by an arc of lightning.
The killer bee is struck by an arc of lightning.
The killer bee is heavily wounded.
You are struck by an arc of lightning.
The lightning grounds out.
The killer bee is struck by an arc of lightning!
You kill the killer bee!
You are struck by an arc of lightning.
The lightning grounds out.
You feel sick. The killer bee stings you. x2
* * * LOW HITPOINT WARNING * * *
You feel sick. The killer bee barely misses you. The killer bee stings you.
* * * LOW HITPOINT WARNING * * *
Sorry, you're not good enough to have a special ability.
You feel much better.
You feel sick.
The killer bee stings you but does no damage.
The killer bee closely misses you. The freezing wraith barely misses you.
The freezing wraith hits you.
Okay, then.
Sorry, you're not good enough to have a special ability.
As you read the scroll of teleportation, it crumbles to dust.
You feel strangely unstable.
You feel sick. The killer bee barely misses you. The killer bee stings you.
The freezing wraith hits you. The freezing wraith freezes you!
* * * LOW HITPOINT WARNING * * *
The freezing wraith misses you.
You feel sick.
You are no longer poisoned.
The killer bee barely misses you. The freezing wraith hits you!
* * * LOW HITPOINT WARNING * * *
The freezing wraith freezes you!
You die...

,,,,,,...............o..........#
,,,,,............................
,,,,,............................
,,,,,.......≈≈≈≈≈≈≈..........o..#
*,,,,.......≈≈####≈...........###
*,,,,.......≈≈#.>#≈..o.......##
**,,,.......)≈'..#≈......###.#*
***,.......≈)'y.#≈....###*#..#**
***#####oo≈)W@#≈..###*,,......
##.)≈#.∩#≈..# *,,......
#..)≈####≈.## **,......#
#..≈≈≈≈≈≈o.# *,,,,,,..#
*#...o......#* *,,,,,,,,. *****
*#..#####.....# *,,,,**,..
*,,,***#..#* ####..#**,,,,**,..
,,,,,,..##* ###...,,,,,,,,,
*****..#* *#.#*,,,,,,,,


You could see a freezing wraith, a killer bee, an orc wizard and an orc.

Vanquished Creatures
  A two-headed ogre (D:9)
  An orc knight (Bailey)
  Eustachio (D:4)
  A basilisk (D:9)
  3 water moccasins
  3 orc warriors (D:9)
  A sky beast (D:5)
  An ogre (D:6)
  A necrophage (D:6)
  2 centaurs
  A kobold brigand (D:4)
  2 phantoms
  A scorpion (D:6)
  4 killer bees
  6 hounds
  A centaur zombie (D:7)
  2 orc priests
  A gnoll shaman (D:7)
  2 jellies (D:2)
  3 centaur skeletons
  An iguana (D:4)
  3 orc wizards
  2 killer bee zombies (D:6)
  23 gnolls
  7 adders
  A shadow imp (D:8)
  2 white imps (D:9)
  3 adder skeletons
  2 worms
  2 dart slugs (D:1)
  21 orcs
  12 endoplasms
  7 giant cockroaches
  4 goblins
  10 hobgoblins
  7 quokkas
  12 ball pythons
  5 bats
  3 frilled lizards
  13 kobolds
  28 rats
206 creatures vanquished.

Vanquished Creatures (collateral kills)
  4 killer bees
  An orc priest (D:9)
  An orc (D:9)
6 creatures vanquished.

Vanquished Creatures (others)
  13 fungi
  40 plants
  8 toadstools (D:2)
61 creatures vanquished.

Grand Total: 273 creatures vanquished

Notes
Turn   | Place    | Note
-------+----------+-------------------------------------------
     0 | D:1      | enile the Demigod Earth Elementalist began the quest for
                  | the Orb.
     0 | D:1      | Reached XP level 1. HP: 14/14 MP: 5/5
   120 | D:1      | Reached skill level 1 in Fighting
   240 | D:1      | Reached XP level 2. HP: 20/23 MP: 0/7
   528 | D:1      | Learned a level 2 spell: Static Discharge
   850 | D:1      | Reached skill level 1 in Air Magic
   957 | D:2      | Reached XP level 3. HP: 21/29 MP: 2/8
  1135 | D:2      | Reached skill level 2 in Air Magic
  1192 | D:1      | Reached skill level 1 in Conjurations
  1607 | D:2      | Reached XP level 4. HP: 31/36 MP: 5/9
  2180 | D:2      | Found Qolefam's Armour Boutique.
  3320 | D:2      | Reached XP level 5. HP: 26/45 MP: 6/10
  4800 | D:4      | Reached XP level 6. HP: 34/52 MP: 3/11
  4803 | D:4      | Reached skill level 3 in Air Magic
  5095 | D:4      | Found a staircase to the Ecumenical Temple.
  5143 | D:4      | HP: 1/52 [kobold brigand/+0 short sword (10)]
  5457 | D:4      | Reached skill level 4 in Air Magic
  6000 | D:5      | Entered Level 5 of the Dungeon
  6204 | D:5      | Noticed Eustachio
  6254 | D:4      | Killed Eustachio
  6255 | D:4      | Reached XP level 7. HP: 18/59 MP: 2/16
  6914 | D:5      | Reached skill level 5 in Air Magic
  7686 | D:6      | Found Lunivan's Assorted Antiques.
  7693 | D:6      | Bought a small peridot ring for 185 gold pieces
  7693 | D:6      | Bought a sedimented red potion for 33 gold pieces
  7693 | D:6      | Bought a scroll labelled XAATUATTIPEA for 37 gold pieces
  7761 | D:6      | Reached skill level 6 in Air Magic
  8037 | D:6      | Reached XP level 8. HP: 57/66 MP: 10/17
  8212 | D:7      | Reached skill level 7 in Air Magic
  8229 | D:6      | HP: 2/66 [killer bee (8)]
  8842 | D:7      | Reached skill level 8 in Air Magic
  8851 | D:7      | Learned a level 5 spell: Lightning Bolt
  8902 | D:7      | Identified the +3 trident of the Vaults {pain, *Corrode Fly
                  | rF- rN+++}
  9531 | D:8      | Reached skill level 5 in Spellcasting
  9536 | D:9      | Noticed a two-headed ogre
  9547 | D:9      | Killed a two-headed ogre
  9548 | D:9      | Reached XP level 9. HP: 51/71 MP: 5/21
  9586 | D:9      | Learned a level 2 spell: Passwall
  9799 | D:9      | Noticed a freezing wraith
  9906 | D:9      | Found a flagged portal.
  9916 | Bailey   | Entered a bailey
 10636 | Bailey   | Noticed an orc knight
 10863 | Bailey   | Learned a level 4 spell: Petrify
 10912 | Bailey   | Killed an orc knight
 10913 | Bailey   | Reached skill level 5 in Fighting
 11286 | D:9      | Mangled by a freezing wraith

Illustrated notes

Levels and vault maps discovered:
D:1:      dpeg_arrival_castle, layout_rooms, amcnicky_mini_corridor_feature
D:2:      cheibrodos_fertilizer, layout_rooms, serial_shops, nicolae_shop_trees,
          ebering_ecumenical_altar_abandoned, minmay_rat_hole
D:3:      layout_loops_ring, chequers_temple_overflow_statue_of_worship,
          minmay_crystal_water, amethyst_killhole, serial_bayou_lake_a
D:4:      layout_basic, mainiacjoe_overflow_cross_hatched,
          minmay_temple_entry_sparse_star, minmay_misc_feat_plants
D:5:      layout_cave_pools, zin_academy, uniq_eustachio
D:6:      nicolae_cairo_tiling_large_dashed, layout_gridville, serial_shops,
          nicolae_shop_trees, grunt_decor_resistance
D:7:      layout_rooms, elyvilon_altar_3
D:8:      layout_gridville, chequers_serial_rivers_micro_b
D:9:      layout_layer_cave, minmay_lair_entry_grove, erik_orc_4,
          enter_bailey_4, hellmonk_guarded_unrand_frostbite

Skill      XL: |  1  2  3  4  5  6  7  8  9 |
---------------+----------------------------+-----
Fighting       | 1 2 3 4 6 |  6.0
Spellcasting   | 2 3 4 6 7 |  7.0
Air Magic      | 1 2 4 6 8 |  8.0
Conjurations   | 1 2 4 |  4.0
Stealth        | 2 |  2.4
Dodging        | |  1.7
Transmutations | |  0.8
Earth Magic    | |  2.6

Action                   |  1- 3 |  4- 6 |  7- 9 || total
-------------------------+-------+-------+-------++-------
Melee: Unarmed           |    14 |       |       ||    14
       Dagger            |    23 |    40 |    39 ||   102
       Whip              |     3 |    89 |       ||    92
       Punch             |     1 |       |       ||     1
       Halberd           |       |       |    11 ||    11
Throw: Throwing net      |     1 |       |       ||     1
       Dart              |       |       |    10 ||    10
       Stone             |       |       |     4 ||     4
 Cast: Sandblast         |    52 |    91 |    94 ||   237
       Static Discharge  |     1 |    29 |    12 ||    42
       Lightning Bolt    |       |       |    42 ||    42
       Passwall          |       |       |     2 ||     2
Evoke: Wand              |       |       |     1 ||     1
  Use: Scroll            |     1 |     5 |    15 ||    21
       Potion            |     1 |     3 |     7 ||    11
 Stab: Sleeping          |       |     2 |     1 ||     3
       Distracted        |       |     1 |       ||     1
Armor: Robe              |    23 |    30 |    73 ||   126
Dodge: Dodged            |    54 |   130 |   183 ||   367
